 Dungeon Crawl Stone Soup version 0.29.1-1-gd02db6906a (webtiles) character file.

Game seed: 16648194562973709298

4196 Aibolit the Cleaver (level 10, -5/91 HPs)
             Began as a Hill Orc Fighter on Oct 8, 2022.
             Was an Elder of Okawaru.
             Slain by a black mamba (9 damage)
             ... on level 1 of the Lair of Beasts.
             The game lasted 00:18:11 (9170 turns).

Aibolit the Cleaver (Hill Orc Fighter)              Turns: 9170, Time: 00:18:12

Health: -5/91      AC: 18    Str: 24    XL:     10   Next: 29%
Magic:  10/10      EV: 10    Int:  8    God:    Okawaru [****..]
Gold:   553        SH:  6    Dex: 10    Spells: 7/9 levels left

rFire   + . .      SeeInvis +   a - +0 war axe
rCold   . . .      Faith    .   c - +0 buckler
rNeg    . . .      Spirit   .   I - +1 ring mail "Vytzol" {Slay+2}
rPois   +          Reflect  .   N - +0 helmet
rElec   .          Harm     .   A - +0 cloak
rCorr   .          Rampage  .   (no gloves)
Will    .....                   L - +2 pair of boots of the Prince of Darkness {rPois SInv}
Stlth   ..........              (no amulet)
HPRegen 0.25/turn               h - ring of protection from fire
MPRegen 0.12/turn               g - +4 ring of protection

@: lethally poisoned (-5 -> -10)
A: no striking features
a: Renounce Religion, Heroism, Finesse


You were on level 1 of the Lair of Beasts.
You worshipped Okawaru.
Okawaru was greatly pleased with you.
You visited 3 branches of the dungeon, and saw 11 of its levels.

You collected 553 gold pieces.

Inventory:

Hand Weapons
 a - a +0 war axe (weapon)
Missiles
 r - a throwing net
Armour
 c - a +0 buckler (worn)
 f - an orb of guile
 A - a +0 cloak (worn)
 I - the +1 ring mail "Vytzol" (worn) {Slay+2}
   (You found it on level 7 of the Dungeon)

   Slay:      It affects your accuracy & damage with ranged weapons and melee
   (+2).
 L - the +2 pair of boots of the Prince of Darkness (worn) {rPois SInv}
   (You found it on level 8 of the Dungeon)

   rPois:     It protects you from poison.
   SInv:      It lets you see invisible.
 N - a +0 helmet (worn)
Jewellery
 b - a +6 ring of dexterity
 g - a +4 ring of protection (right hand)
 h - a ring of protection from fire (left hand)
 o - a ring of fire
 B - a ring of protection from fire
 M - an amulet of faith
Wands
 t - a wand of iceblast (6)
 E - a wand of paralysis (4)
 G - a wand of flame (13)
 J - a wand of mindburst (12)
Scrolls
 k - 4 scrolls of identify
 n - 4 scrolls of noise
 p - 3 scrolls of fog
 q - a scroll of acquirement {unknown}
 u - 3 scrolls of immolation
 w - a scroll of enchant armour {unknown}
 x - a scroll of brand weapon {unknown}
 y - 4 scrolls of enchant weapon
Potions
 d - 2 potions of might
 e - 2 potions of mutation {unknown}
 i - a potion of haste {unknown}
 j - 2 potions of curing {unknown}
 l - a potion of flight {unknown}
 m - 4 potions of degeneration
 s - a potion of magic {unknown}
 v - a potion of berserk rage {unknown}
 C - a potion of invisibility {unknown}
 D - a potion of brilliance {unknown}
 F - a potion of attraction {unknown}
 H - 2 potions of heal wounds {unknown}
 K - a potion of lignification {unknown}


   Skills:
 + Level 9.5 Fighting
 + Level 10.0 Axes
 + Level 8.7 Armour
 + Level 8.7 Shields


You had 7 spell levels left.
You knew the following spells:

 Your Spells              Type           Power      Damage    Failure   Level
a - Ensorcelled Hibernat  Hex/Ice        0%         N/A       75%         2

Your spell library contained the following spells:

 Spells                   Type           Power      Damage    Failure   Level
 Sandblast                Erth           0%         2d4       61%         1
 Passwall                 Tmut/Erth      0%         N/A       75%         2
 Stone Arrow              Conj/Erth      0%         3d7       93%         3
 Swiftness                Air            0%         N/A       93%         3
 Corpse Rot               Necr/Pois/Air  0%         N/A       100%        4
 Dispel Undead            Necr           0%         3d6       100%        4
 Leda's Liquefaction      Hex/Erth       0%         N/A       100%        4
 Blade Hands              Tmut           0%         N/A       100%        5
 Irradiate                Conj/Tmut      0%         3d11      100%        5
 Lee's Rapid Deconstruct  Erth           0%         3d5*      100%        5
 Statue Form              Tmut/Erth      0%         N/A       100%        6
 Dragon Form              Tmut           0%         N/A       100%        7
 Death Channel            Necr           Unusable   N/A       N/A         6

Dungeon Overview and Level Annotations

Branches:
Dungeon (8/15)             Temple (1/1) D:5            Lair (2/5) D:8
  Swamp: Lair:2-3    Shoals: Lair:2-3     Snake: Lair:2-3    Spider: Lair:2-3

Altars:
Ashenzari
Cheibriados
Dithmenos
Elyvilon
Fedhas
Hepliaklqana
Kikubaaqudgha
Makhleb
Nemelex Xobeh
Okawaru
Qazlal
Ru
Sif Muna
Trog
Uskayaw
Vehumet
Wu Jian
Xom
Yredelemnul
Zin

Shops:
D:1 :   D:3 :   D:7 (

Annotations:
D:4 3 runed translucent doors, jaiteiro's ghost, amateur GnCj
D:7 Psyche


Message History

Found 18 gold pieces.
Found an escape hatch in the ceiling.
There is a stone staircase leading up here.
The dream sheep ruffles its wool and motes of dream dust sparkle, to no effect.
You climb upwards.
The blink frog closely misses you.
The black mamba bites you but does no damage.
The blink frog hits you but does no damage.
There is a stone staircase leading down here.
You closely miss the blink frog.
The blink frog is lightly wounded.
You closely miss the black mamba. The black mamba barely misses you. x2
The blink frog blinks!
You block the black mamba's attack. The black mamba bites you.
You are poisoned.
The black mamba poisons you!
You are too injured to fight recklessly!
You slash the black mamba!
The black mamba is moderately wounded.
You feel very sick. You block the black mamba's attack.
The blink frog hits you but does no damage.
The black mamba closely misses you.
You closely miss the black mamba.
The black mamba is moderately wounded.
You hit the blink frog.
You feel sick. The black mamba bites you.
* * * LOW HITPOINT WARNING * * *
The blink frog misses you. The black mamba bites you!
* * * LOW HITPOINT WARNING * * *
You slash the black mamba!
The black mamba is severely wounded.
You closely miss the blink frog.
* * * LOW HITPOINT WARNING * * *
You feel sick. The blink frog hits you.
* * * LOW HITPOINT WARNING * * *
The black mamba closely misses you. The blink frog barely misses you.
You hit the black mamba.
The black mamba is almost dead.
You completely miss the blink frog.
* * * LOW HITPOINT WARNING * * *
You feel sick. The black mamba bites you!
You die...

.... .........................
.... .........................
....... .........................
........ ..>.....................
...............>...............#.
.....##..##.##......#.###P.#...##
.....##.###.##....#........#...##
.....##....................#...#.
.....##.....##.S@..........#...##
).....#......#.F>.#........#.....
.....##...###.....#........#...##
.....P#.###P##.....#######.#....#
.................................
.................................
.######.#######.############.####
## ### ### ###


You could see a black mamba and a blink frog.

Vanquished Creatures
  Pikel (D:7)
  A black mamba (Lair:1)
  A blink frog (Lair:1)
  A wyvern (Lair:1)
  6 yaks (Lair:1)
  A basilisk (Lair:1)
  2 water moccasins (Lair:1)
  2 black bears
  3 sky beasts
  A centaur (D:8)
  A kobold brigand (D:7)
  2 bullfrogs
  3 necrophages
  2 scorpions
  The ghost of gromov111999 the Conjurer, a weakling DrCj (D:3)
  3 howler monkeys
  2 quasits (D:3)
  A hound (D:5)
  4 jellies
  7 iguanas
  3 orc wizards (D:7)
  13 adders
  A white imp (D:7)
  4 dart slugs
  13 orcs
  4 ball pythons
  4 endoplasms
  4 giant cockroaches
  6 hobgoblins
  12 jackals
  6 quokkas
  3 bats
  A frilled lizard (D:2)
  4 goblins
  11 kobolds
  3 rats
137 creatures vanquished.

Vanquished Creatures (others)
  A human (D:8)
  3 fungi
4 creatures vanquished.

Grand Total: 141 creatures vanquished

Notes
Turn   | Place    | Note
-------+----------+-------------------------------------------
     0 | D:1      | Aibolit the Hill Orc Fighter began the quest for the Orb.
     0 | D:1      | Reached XP level 1. HP: 19/19 MP: 1/1
   377 | D:1      | Found Dureohic's Vocational Training.
   404 | D:1      | Found a faded altar of an unknown god.
   537 | D:1      | Reached XP level 2. HP: 27/27 MP: 2/2
   540 | D:1      | Reached skill level 3 in Axes
   974 | D:2      | Reached XP level 3. HP: 23/33 MP: 3/3
  1231 | D:2      | Reached XP level 4. HP: 40/40 MP: 4/4
  1969 | D:3      | Found Ejighegg's Book Shop.
  2023 | D:3      | Found a transporter.
  2033 | D:3      | Noticed gromov111999's ghost (weakling DrCj)
  2142 | D:3      | Noticed a sky beast
  2149 | D:3      | Reached skill level 4 in Axes
  2162 | D:3      | Killed a sky beast
  2163 | D:3      | Reached XP level 5. HP: 47/47 MP: 5/5
  2436 | D:3      | Found a transporter.
  2474 | D:3      | Reached skill level 5 in Fighting
  2474 | D:3      | Reached XP level 6. HP: 52/56 MP: 6/6
  2668 | D:3      | Killed gromov111999's ghost
  2670 | D:3      | Reached skill level 5 in Axes
  2841 | D:4      | Learned a level 2 spell: Ensorcelled Hibernation
  3034 | D:4      | Found a glowing silver altar of Zin.
  3195 | D:4      | Reached skill level 5 in Armour
  3368 | D:4      | Found a white marble altar of Elyvilon.
  3508 | D:4      | Found a runed translucent gate.
  3509 | D:4      | Found a runed translucent gate.
  3509 | D:4      | Found a runed translucent gate.
  3511 | D:4      | Noticed jaiteiro's ghost (amateur GnCj)
  3655 | D:5      | Entered Level 5 of the Dungeon
  3662 | D:5      | Reached skill level 5 in Shields
  3662 | D:5      | Reached XP level 7. HP: 50/61 MP: 7/7
  3969 | D:5      | Found a staircase to the Ecumenical Temple.
  3985 | Temple   | Entered the Ecumenical Temple
  4200 | Temple   | Became a worshipper of Warmaster Okawaru
  4676 | D:5      | Reached skill level 6 in Axes
  5281 | D:6      | Reached XP level 8. HP: 48/71 MP: 8/8
  5595 | D:6      | Found a shadowy altar of Dithmenos.
  5727 | D:6      | Reached * piety under Okawaru
  5863 | D:6      | Found a radiant altar of Vehumet.
  5863 | D:6      | Found a blossoming altar of Fedhas.
  6184 | D:7      | Noticed Pikel
  6205 | D:7      | Killed Pikel
  6205 | D:7      | Reached ** piety under Okawaru
  6206 | D:7      | Reached skill level 7 in Axes
  6348 | D:7      | Found Ziduamyn's Weapon Emporium.
  6532 | D:7      | Reached XP level 9. HP: 70/79 MP: 9/9
  6536 | D:7      | Identified the +1 ring mail "Vytzol" {Slay+2}
  6789 | D:7      | Reached skill level 8 in Axes
  7148 | D:8      | Noticed Psyche
  7692 | D:8      | Identified the +2 pair of boots of the Prince of Darkness
                  | {rPois SInv}
  7723 | D:8      | Found a staircase to the Lair.
  7886 | D:8      | Found an ancient bone altar of Kikubaaqudgha.
  8077 | Lair:1   | Entered Level 1 of the Lair of Beasts
  8084 | Lair:1   | Noticed a black mamba
  8097 | Lair:1   | Killed a black mamba
  8520 | Lair:1   | Reached *** piety under Okawaru
  8543 | Lair:1   | Reached skill level 9 in Axes
  8616 | Lair:1   | Reached XP level 10. HP: 61/91 MP: 10/10
  8617 | Lair:1   | Reached **** piety under Okawaru
  9061 | Lair:1   | Reached skill level 10 in Axes
  9160 | Lair:1   | Noticed a black mamba
  9170 | Lair:1   | HP: 4/91 [poisoned by a black mamba]
  9170 | Lair:1   | Slain by a black mamba

Illustrated notes

Levels and vault maps discovered:
D:1:      onia_arrival_pyramid, layout_loops_corners,
          shapermc_ecumenical_altar_mp_ritualfount, nicolae_shop_vocational
D:2:      layout_loops_ring
D:3:      layout_loops_ring, serial_shops, shop, gammafunk_ghost_stat_death,
          wad_rectangle_vault
D:4:      layout_basic, mainiacjoe_overflow_boulevard,
          nicolae_overflow_hidden_temple, ebering_ghost_rock_garden
D:5:      layout_loops_ring, minmay_temple_entry_overgrown, minivault_5
D:6:      nicolae_cairo_tiling, layout_cave_pools,
          nicolae_dithmenos_through_a_glass_darkly,
          gammafunk_temple_overflow_statue
D:7:      layout_loops_ring, serial_shops, nicolae_shop_bloodbath_and_beyond,
          minmay_crystal_water, uniq_pikel
D:8:      layout_rooms, tgw_kikubaaqudgha, lair_entry_dummy, uniq_psyche
Temple:   nicolae_temple_slightly_damp_pantheon
Lair:1:   layout_regular_city
Lair:2:   layout_regular_city, hellmonk_spider_entry_life_and_decay,
          st_stairs_11, hellmonk_guarded_unrand_zhor, serial_bayou_shore_a

Skill      XL: |  1  2  3  4  5  6  7  8  9 10 |
---------------+-------------------------------+-----
Axes           | 3 4 5 6 7 9 10 | 10.0
Fighting       | 4 5 6 7 9 |  9.5
Armour         | 4 5 7 8 |  8.7
Shields        | 4 5 7 8 |  8.7

Action                   |  1- 3 |  4- 6 |  7- 9 | 10-12 || total
-------------------------+-------+-------+-------+-------++-------
Melee: War axe           |    72 |   195 |   262 |    33 ||   562
       Unarmed           |       |       |     4 |       ||     4
  Use: Scroll            |     3 |     2 |     5 |     1 ||    11
       Potion            |       |     1 |     1 |     1 ||     3
Armor: Scale mail        |    44 |    35 |       |       ||    79
       Chain mail        |       |   136 |   106 |       ||   242
       Ring mail         |       |       |    51 |    57 ||   108
Dodge: Dodged            |    31 |    93 |    89 |    37 ||   250
Block: Buckler           |     6 |    57 |    66 |    12 ||   141
